 Dungeon Crawl Stone Soup version 0.27.1-34-g3ba077fa99 (webtiles) character file.

Game seed: 1365359771579101581

8 mightbedylan the Vexing (level 2, -7/11 HPs)
             Began as a Felid Enchanter on Jan 25, 2022.
             Mangled by Sigmund (13 damage)
             ... on level 3 of the Dungeon.
             The game lasted 00:03:31 (1145 turns).

mightbedylan the Vexing (Felid Enchanter)           Turns: 1145, Time: 00:03:32

Health: -7/11      AC:  1    Str:  4    XL:     2   Next: 0%
Magic:  6/6        EV: 17    Int: 16    God:
Gold:   80         SH:  0    Dex: 16    Spells: 4/5 levels left
                                        Lives:  0   Deaths: 0

rFire    . . .     SeeInvis +     - Unarmed
rCold    . . .     Faith    .   (shield unavailable)
rNeg     . . .     Spirit   .   (armour unavailable)
rPois    .         Reflect  .   (helmet unavailable)
rElec    .         Harm     .   (cloak unavailable)
rCorr    .         Rampage  .   (gloves unavailable)
Will     .....                  (boots unavailable)
Stlth    ++........             (no amulet)
HPRegen  0.03/turn              (no ring)
MPRegen  0.10/turn              (no ring)

@: silenced, quick
A: very small, claws 1, fangs 3, see invisible, speed 1, shaggy fur 1, stealthy
paws, no weapons or thrown items, no armour, multi-lived
a: no special abilities


You were on level 3 of the Dungeon.
You visited 1 branch of the dungeon, and saw 3 of its levels.

You collected 80 gold pieces.

Inventory:

Potions
 a - a potion of brilliance {unknown}
 b - a potion of flight {unknown}
 e - a potion of lignification {unknown}


   Skills:
 + Level 2.8 Dodging
 + Level 4.3 Stealth
 + Level 1.0 Unarmed Combat
 + Level 2.0 Spellcasting
 + Level 4.6 Hexes


You had 4 spell levels left.
You knew the following spells:

 Your Spells              Type           Power      Damage    Failure   Level
a - Corona                Hex            17%        N/A       3%          1

Your spell library contained the following spells:

 Spells                   Type           Power      Damage    Failure   Level
 Confusing Touch          Hex            16%        N/A       9%          3
 Tukima's Dance           Hex            16%        N/A       9%          3
 Ensorcelled Hibernation  Hex/Ice        18%        N/A       12%         2
 Dazzling Flash           Conj/Hex       18%        N/A       24%         3


Dungeon Overview and Level Annotations

Branches:
Dungeon (3/15)

Altars:

Annotations:
D:3 Sigmund


Innate Abilities, Weirdness & Mutations

You have sharp claws.
You have razor-sharp teeth.
You have supernaturally acute eyesight. (SInv)
You cover ground quickly. (Speed+)
You are covered in fur. (AC +1)
Your paws help you pounce on unaware monsters.
You are incapable of wielding weapons or throwing items.
You cannot wear armour.
You gain extra lives every three experience levels.


Message History

Found a scroll labelled CUUTIMO UHO EWA.
Sigmund the Dreaded comes into view.
He is wielding a +0 scythe and carrying a wand of polymorph (5).
An endoplasm comes into view.
You see here a scroll labelled CUUTIMO UHO EWA.
f - a scroll labelled CUUTIMO UHO EWA Sigmund shouts!
Sigmund zaps a wand.
You resist with some effort.
Sigmund zaps a wand.
You turn into a filthy swine.
Found a faded altar of an unknown god.
You hear the rusting of a very distant drain.
As you read the scroll labelled IVI QITOUTUUNNI, it crumbles to dust.
Wisps of shadow whirl around you...
It was a scroll of summoning.
As you read the scroll labelled IRESEU IBIESUM, it crumbles to dust.
You assume a fearsome visage.
Nothing appears to happen.
It was a scroll of fear.
Your transformation is almost over.
As you read the scroll labelled CUUTIMO UHO EWA, it crumbles to dust.
A profound silence engulfs you.
It was a scroll of silence.
There are no items here.
There are no items here.
Sigmund zaps a wand.
You resist with some effort.
You barely miss Sigmund. Sigmund hits you with a +0 scythe.
You hit Sigmund.
Sigmund is lightly wounded.
You swap places.
Your endoplasm freezes Sigmund.
Sigmund is frozen.
Sigmund misses you.
You swap places.
Sigmund completely misses you.
Your transformation has ended.
Your endoplasm freezes Sigmund.
Sigmund is frozen.
Sigmund closely misses you.
You scratch Sigmund.
Sigmund is moderately wounded.
Your endoplasm hits Sigmund. You barely miss Sigmund.
Sigmund is moderately wounded.
Sigmund hits you with a +0 scythe!
Ouch! That really hurt!
You die...

#.#.# #.# #.#.###.#
#.#.....#########
#.####..##....... #.#
#...'....... #.#
#.###....... ### #b#
#.###....... #....####J#
#...#.......
........@@######.#...>...
#..#.###.......#.########
##.#####.#.#.......
.......#.....#####.
^^##.#.....#..<# #. ._
#+#.....#..[# #. ^
.........#...@. ##
J........#...###
.........+....


You could see Sigmund (ally target), a friendly endoplasm (summoned) and a
friendly bat (summoned).

Vanquished Creatures
  A dart slug (D:1)
  2 goblins (D:1)
  A hobgoblin (D:1)
  2 frilled lizards (D:1)
6 creatures vanquished.

Notes
Turn   | Place    | Note
-------+----------+-------------------------------------------
     0 | D:1      | mightbedylan the Felid Enchanter began the quest for the
                  | Orb.
     0 | D:1      | Reached XP level 1. HP: 7/7 MP: 4/4
   665 | D:1      | Reached XP level 2. HP: 11/11 MP: 6/6
   857 | D:2      | You fall into a shaft and drop 1 floor!
  1113 | D:3      | Noticed Sigmund
  1123 | D:3      | Found a faded altar of an unknown god.
  1145 | D:3      | Mangled by Sigmund

Illustrated notes

Levels and vault maps discovered:
D:1:      roderic_chinese_lattice_arrival, layout_basic
D:2:      wad_woods_settlement, layout_basic, kennysheep_flooded_box,
          hangedman_glass_teeth, grunt_decor_resistance, nrook_loot_triangle,
          minmay_diced_spiral, uniq_robin
D:3:      layout_basic, gup_sewer_entry_glass, ebering_ecumenical_altar_webs,
          uniq_sigmund, uniq_jessica

Action                   || total
-------------------------++-------
Melee: Unarmed           ||    26
       Bite              ||     2
       Punch             ||     1
  Use: Scroll            ||     3
 Stab: Sleeping          ||     2
Dodge: Dodged            ||    11
